 Dungeon Crawl Stone Soup version 0.30-a0-368-g86fb4627a9 (webtiles) character file.

Game seed: 14725681250009753934

11 JOEMAMA2 the Trooper (level 2, 0/27 HPs)
             Began as a Minotaur Berserker on Nov 20, 2022.
             Was a Follower of Trog.
             Slain by a jackal (1 damage)
             ... on level 1 of the Dungeon.
             The game lasted 00:00:19 (48 turns).

JOEMAMA2 the Trooper (Minotaur Berserker)             Turns: 48, Time: 00:00:19

Health: 0/27       AC:  2    Str: 21    XL:     2   Next: 13%
Magic:  1/1        EV: 12    Int:  4    God:    Trog [*.....]
Gold:   11         SH:  0    Dex:  9    Spells: 1/1 levels left

rFire   . . .      SeeInvis .    a - +0 hand axe
rCold   . . .      Faith    .    (no shield)
rNeg    . . .      Spirit   .    b - +0 animal skin
rPois   .          Reflect  .    (helmet restricted)
rElec   .          Harm     .    (no cloak)
rCorr   .          Rampage  .    (no gloves)
Will    .....                    (no boots)
Stlth   +.........               (no amulet)
HPRegen 0.24/turn                (no ring)
MPRegen 0.07/turn                (no ring)

@: no status effects
A: horns 2, retaliatory headbutt
a: Renounce Religion, Berserk


You were on level 1 of the Dungeon.
You worshipped Trog.
Trog was aware of your devotion.
You visited 1 branch of the dungeon, and saw 1 of its levels.

You collected 11 gold pieces.

Inventory:

Hand Weapons
 a - a +0 hand axe (weapon)
Armour
 b - a +0 animal skin (worn)


   Skills:
 + Level 4.0 Fighting
 + Level 4.0 Axes
 + Level 2.5 Armour
 + Level 2.3 Dodging


You had one spell level left.
You didn't know any spells.
Your spell library was empty.

Dungeon Overview and Level Annotations

Branches:
Dungeon (1/15)

Altars:


Innate Abilities, Weirdness & Mutations

You have a pair of horns on your head.
You reflexively headbutt those who attack you in melee.


Message History

You headbutt the hobgoblin.
You kill the hobgoblin!
Trog accepts your kill. The jackal closely misses you.
The jackal barely misses you. x2
The goblin shouts!
You slash the goblin!
You kill the goblin!
Trog accepts your kill.
You closely miss the jackal. x2; You barely miss the jackal.
The jackal bites you but does no damage.
The jackal barely misses you. The jackal completely misses you.
The jackal barely misses you. You furiously retaliate!
You headbutt the jackal!
You kill the jackal!
Trog accepts your kill. The jackal bites you.
* * * LOW HITPOINT WARNING * * *
The jackal bites you.
* * * LOW HITPOINT WARNING * * *
Your Fighting skill increases to level 4!
You have reached level 2!
You closely miss the jackal. x2; The jackal misses you.
The jackal barely misses you.
You hit the jackal.
The jackal is severely wounded.
You miss the jackal. The jackal closely misses you.
The jackal barely misses you. The jackal completely misses you.
The jackal barely misses you. You furiously retaliate!
You headbutt the jackal.
You kill the jackal!
Trog accepts your kill.
Your Axes skill increases to level 4!
You closely miss the jackal.
The jackal is lightly wounded.
The jackal bites you.
* * * LOW HITPOINT WARNING * * *
You closely miss the jackal.
The jackal is lightly wounded.
You closely miss the goblin. The jackal bites you.
* * * LOW HITPOINT WARNING * * *
The goblin closely misses you. The jackal bites you.
You die...

.$.....##.###..........
.....#..+.><.+..........
.......[##.###.......#.#
#..≈≈≈≈..#+##.§≈≈§§..#
!.≈≈≈≈≈≈......§≈§§≈§.#
..≈≈≈≈≈≈......§≈§§≈§...
..≈≈≈≈≈≈......≈≈§≈§≈...#
...≈≈≈≈†..#..^.≈≈≈§.....
......†@.##.#........#
).##...gh.........#...
#..#.#####.........
....... ........ .......
....... ....#.. .....
..>.#.. .. ...


You could see a jackal and a goblin.

Vanquished Creatures
  An endoplasm (D:1)
  A goblin (D:1)
  4 hobgoblins (D:1)
  2 jackals (D:1)
8 creatures vanquished.

Notes
Turn   | Place    | Note
-------+----------+-------------------------------------------
     0 | D:1      | JOEMAMA2 the Minotaur Berserker began the quest for the
                  | Orb.
     0 | D:1      | Reached XP level 1. HP: 19/19 MP: 0/0
    44 | D:1      | HP: 1/20 [jackal (1)]
    45 | D:1      | Reached XP level 2. HP: 2/27 MP: 1/1
    48 | D:1      | Slain by a jackal

Illustrated notes

Levels and vault maps discovered:
D:1:      dpeg_arrival_pits, layout_rooms, serial_shops, shop

Skill      XL: |  1  2 |
---------------+-------+-----
Fighting       | 4 |  4.0
Axes           | 4 |  4.0
Armour         | |  2.5
Dodging        | |  2.3

Action                   || total
-------------------------++-------
Melee: Hand axe          ||    11
Armor: Animal skin       ||     3
Dodge: Dodged            ||    26

Table legend: (Time is in decaauts)
 A = Elapsed time spent in this place.
 B = Non-inter-level travel time spent in this place.
 C = Inter-level travel time spent in this place.
 D = Time resting spent in this place.
 E = Time spent auto-exploring this place.
 F = Levels seen in this place.
 G = Mean time per level.
                   A        B        C        D        E       F      G
               +--------+--------+--------+--------+--------+-----+--------+
         Total |     49 |     49 |      0 |      0 |     23 |   1 |   49.0 |
       Dungeon |     49 |     49 |      0 |      0 |     23 |   1 |   49.0 |
               +--------+--------+--------+--------+--------+-----+--------+

Top non-repeatable levels by time:
     D:1: 49 daAuts
